 Dungeon Crawl Stone Soup version 0.23-a0-517-gb7c078159a (webtiles) character file.

2659 Kriby the Covert (level 9, -5/51 HPs)
             Began as an Octopode Earth Elementalist on Dec 6, 2018.
             Was a Follower of Vehumet.
             Slain by Harold
             ... wielding a +0 trident
              (13 damage)
             ... on level 7 of the Dungeon.
             The game lasted 00:12:40 (9216 turns).

Kriby the Covert (Octopode Earth Elementalist)      Turns: 9216, Time: 00:12:40

Health: -5/51      AC:  1    Str:  7    XL:     9   Next: 63%
Magic:  11/17      EV: 17    Int: 21    God:    Vehumet [*.....]
Gold:   168        SH:  0    Dex: 12    Spells: 10/19 levels left

rFire    . . .     SeeInvis .   s - +1 dagger (venom)
rCold    . . .     Gourm    .   (no shield)
rNeg     . . .     Faith    .   (helmet restricted)
rPois    .         Spirit   .   y - amulet of the acrobat
rElec    .         Reflect  .   v - +2 ring of evasion
rCorr    .         Harm     .   j - +1 ring of evasion
MR       .....     Clarity  +   (no ring)
Stlth    +++++.....             (no ring)
HPRegen  0.17/turn              (no ring)
MPRegen  0.15/turn              (no ring)
                                (no ring)
                                (no ring)

@: no status effects
A: almost no armour, stealthy swim, amphibious, 8 rings, constrict 8, tentacle
spike 1, camouflage 1, clarity, sense surroundings 1, gelatinous body 1
a: Renounce Religion


You were on level 7 of the Dungeon.
You worshipped Vehumet.
Vehumet was aware of your devotion.
You were not hungry.

You visited 2 branches of the dungeon, and saw 8 of its levels.

You collected 360 gold pieces.
You spent 192 gold pieces at shops.

Inventory:

Hand Weapons
 f - the +1 whip of the Eight Eyes {slash, MR+ Int+4}
   (You found it on level 6 of the Dungeon)

   It inflicts extra damage upon your enemies.
   It affects your intelligence (+4).
   It affects your resistance to hostile enchantments.
 s - a +1 dagger of venom (weapon)
Missiles
 b - 45 stones (quivered)
Jewellery
 j - a +1 ring of evasion (right tentacle)
 v - a +2 ring of evasion (left tentacle)
 y - an amulet of the acrobat (around mantle)
 C - an uncursed amulet of guardian spirit
Wands
 t - a wand of iceblast (6) {@v4}
Scrolls
 d - a scroll of enchant armour
 h - 2 scrolls of enchant weapon
 k - 2 scrolls of teleportation {@r3}
 n - 4 scrolls of remove curse {@r2}
 o - 2 scrolls of amnesia
 q - 4 scrolls of magic mapping {unknown}
 r - a scroll of fog
 w - a scroll of noise
 x - a scroll of blinking {unknown}
 z - 2 scrolls of immolation
Potions
 a - 4 potions of might {unknown}
 e - a potion of heal wounds {@q2}
 g - 7 potions of curing {@q1}
 l - a potion of lignification
 m - 2 potions of berserk rage {unknown}
 p - 3 potions of resistance {unknown}
 u - 2 potions of magic
 A - a potion of cancellation {unknown}
Comestibles
 c - 22 rations {@e1}
 i - 10 chunks of flesh


   Skills:
 - Level 3.0 Dodging
 + Level 8.5 Stealth
 + Level 5.5 Spellcasting
 * Level 7.6 Conjurations
   Level 1.0 Transmutations
 - Level 6.7 Earth Magic


You had 10 spell levels left.
You knew the following spells:

 Your Spells              Type           Power        Failure   Level  Hunger
a - Sandblast             Erth           ####..       1%          1    None
b - Lee's Rapid Deconstr  Erth           ####......   19%         5    #####..
d - Stone Arrow           Conj/Erth      #####.       1%          3    ##.....

Your spell library contained the following spells:

 Spells                   Type           Power        Failure   Level  Hunger
 Shock                    Conj/Air       ###.         2%          1    None
 Passwall                 Tmut/Erth      ###.....     3%          2    None
 Petrify                  Tmut/Erth      ###.....     22%         4    ####...


Dungeon Overview and Level Annotations

Branches:
Dungeon (7/15)             Temple (1/1) D:6

Altars:
Ashenzari
Cheibriados
Dithmenos
Elyvilon
Fedhas
Gozag
Hepliaklqana
Kikubaaqudgha
Makhleb
Nemelex Xobeh
Okawaru
Qazlal
Ru
Sif Muna
Trog
Vehumet
Wu Jian
Xom
Zin
The Shining One

Shops:
D:5 !   D:6 (

Annotations:
D:7 1 runed door, Harold


Innate Abilities, Weirdness & Mutations

You cannot wear most types of armour.
You are very stealthy in the water. (Stealth+)
You are amphibious.
You can wear up to eight rings at the same time.
You can use your tentacles to constrict eight enemies at once.
Your skin changes colour to match your surroundings (Stealth+).
Your rubbery body absorbs attacks. (AC +1, EV +1)
One of your tentacles bears a spike.
You possess an exceptional clarity of mind.
You passively map a small area around you.


Message History

Casting: Stone Arrow (safe; 1% risk of failure)
Confirm with . or Enter, or press ? or * to list all spells.
Aiming: Stone Arrow (safe; 1% risk of failure)
Press: ? - help, Shift-Dir - straight line, f/p - Harold
Aim: Harold, wielding a +0 trident and wearing a +0 chain mail (lightly The stone arrow hits Harold.
Harold is moderately wounded.
Harold hits you from afar with a +0 trident!!
* * * LOW HITPOINT WARNING * * *
The worker ant misses you.
As you read the scroll labeled DIJUOL JEIBUXA, it crumbles to dust.
It is a scroll of enchant weapon.
Your +0 dagger of venom glows red for a moment.
Harold closely misses you. The worker ant misses you.
As you read the scroll labeled WUUMEA HAJOUT, it crumbles to dust.
The scroll dissolves into smoke.
It was a scroll of fog.
The worker ant bites you.
* * * LOW HITPOINT WARNING * * *
Harold hits you from afar with a +0 trident!
You die...

,..#.# #....#, ,, #.#.#
#...### , #.#.# #...#.#
#.#.######.÷)#.# # *
#.........).)#.#####
#.######.#######.........
#......§§########.##.####
#..#####§§.....##.##.# #
#@#####.##.##.# #
....)@§§a§..# *#.##.# #
.###.§§.#.### #.##.# #
+....#... , #.##.# # *
#....#*### #. #.#### *
#..... ,, #..... , ...###
**########### *, ###.#
#.........# #.#
#.#######.#


You could see Harold and a worker ant.

Vanquished Creatures
  A spriggan (D:7)
  Duvessa (D:6)
  An ice beast (D:5)
  2 sky beasts
  4 ogres
  3 centaurs
  2 bullfrogs (D:6)
  Dowan (D:6)
  5 scorpions
  A wyvern skeleton (D:6)
  3 crimson imps
  A bullfrog zombie (D:5)
  A centaur zombie (D:7)
  A hound (D:6)
  A gnoll shaman (D:6)
  A bullfrog skeleton (D:5)
  6 orc priests
  5 orc wizards
  2 centaur skeletons
  3 iguanas
  6 worker ants
  2 hound zombies
  4 gnolls
  5 adders
  An adder skeleton (D:5)
  A worm (D:2)
  3 dart slugs
  5 leopard geckos
  22 orcs
  A ball python (D:1)
  9 bats
  8 giant cockroaches
  9 goblins
  5 hobgoblins
  3 quokkas
  A giant cockroach zombie (D:6)
  7 kobolds
  3 rats
  A fungus (D:7)
141 creatures vanquished.

Vanquished Creatures (others)
  A fungus (D:7)
1 creature vanquished.

Grand Total: 142 creatures vanquished

Notes
Turn   | Place    | Note
-------+----------+-------------------------------------------
     0 | D:1      | Kriby the Octopode Earth Elementalist began the quest for
                  | the Orb.
     0 | D:1      | Reached XP level 1. HP: 11/11 MP: 3/3
   106 | D:1      | Reached skill level 3 in Stealth
   106 | D:1      | Reached XP level 2. HP: 8/17 MP: 1/5
   785 | D:1      | Reached XP level 3. HP: 21/21 MP: 3/6
  1033 | D:2      | Found an ancient bone altar of Kikubaaqudgha.
  1667 | D:2      | Reached XP level 4. HP: 27/27 MP: 4/7
  1672 | D:2      | Learned a level 3 spell: Stone Arrow
  2027 | D:3      | Found a glowing silver altar of Zin.
  2031 | D:3      | Found a white marble altar of Elyvilon.
  2414 | D:3      | Found a faded altar of an unknown god.
  2870 | D:3      | Reached skill level 1 in Conjurations
  2948 | D:4      | Reached XP level 5. HP: 31/31 MP: 7/9
  3037 | D:4      | Reached skill level 4 in Stealth
  3301 | D:4      | Noticed an ogre
  3308 | D:4      | Killed an ogre
  3308 | D:4      | Reached XP level 6. HP: 36/36 MP: 5/10
  3941 | D:4      | Reached skill level 5 in Stealth
  4074 | D:4      | Reached XP level 7. HP: 41/41 MP: 8/11
  4646 | D:5      | Entered Level 5 of the Dungeon
  4717 | D:5      | Reached skill level 5 in Earth Magic
  4724 | D:5      | Learned a level 5 spell: Lee's Rapid Deconstruction
  4867 | D:5      | Found Jeofiacu's Distillery.
  4870 | D:5      | Bought a potion of heal wounds for 60 gold pieces
  4870 | D:5      | Bought a potion of curing for 36 gold pieces
  4870 | D:5      | Bought a potion of magic for 96 gold pieces
  5226 | D:5      | Reached skill level 6 in Stealth
  5226 | D:5      | Reached XP level 8. HP: 39/46 MP: 8/13
  5608 | D:5      | Reached skill level 5 in Conjurations
  5716 | D:5      | Found a sacrificial altar of Ru.
  6099 | D:6      | Noticed Duvessa
  6102 | D:6      | Killed Duvessa
  6447 | D:6      | Noticed Dowan
  6453 | D:5      | Reached skill level 7 in Stealth
  6652 | D:5      | Gained mutation: You possess an exceptional clarity of
                  | mind. [potion of mutation]
  6652 | D:5      | Gained mutation: One of your tentacles bears a spike.
                  | [potion of mutation]
  6652 | D:5      | Gained mutation: You passively map a small area around you.
                  | [potion of mutation]
  6662 | D:6      | Killed Dowan
  7035 | D:6      | Found a staircase to the Ecumenical Temple.
  7052 | Temple   | Entered the Ecumenical Temple
  7109 | Temple   | Became a worshipper of Vehumet
  7200 | D:6      | Reached XP level 9. HP: 51/51 MP: 6/16
  7322 | D:6      | Found Qaorino's Weapon Boutique.
  7383 | D:6      | Reached skill level 5 in Spellcasting
  7574 | D:6      | Got a brightly glowing whip
  7575 | D:6      | Identified the +1 whip of the Eight Eyes {slash, MR+ Int+4}
                  | (You found it on level 6 of the Dungeon)
  7993 | D:7      | Noticed Harold
  8068 | D:7      | Reached skill level 8 in Stealth
  8351 | D:7      | Found a blossoming altar of Fedhas.
  8487 | D:7      | Found a runed door.
  8707 | D:7      | Noticed a red ugly thing
  8713 | D:7      | HP: 2/51 [red ugly thing (14)]
  9100 | D:7      | Reached * piety under Vehumet
  9100 | D:7      | Offered knowledge of Shock by Vehumet.
  9216 | D:7      | Slain by Harold

Vault maps used:
D:1:      lemuel_arrival_cross
D:2:      kiku_gazebo_garden_becter
D:3:      minitemple, chequers_ecumenical_altar_simple
D:4:      first_ration
D:5:      kennysheep_mini, serial_shops, kennysheep_mini_moat
D:6:      temple_green, serial_shops, kennysheep_little_box, uniq_duvessa
D:7:      lemuel_round_altar, fedhas_altar_3, the_bakery,
          uniq_crazy_yiuf_cottage, uniq_prince_ribbit1, uniq_harold
Temple:   eino_wide_crystal_templ

Skill      XL: |  1  2  3  4  5  6  7  8  9 |
---------------+----------------------------+-----
Stealth        | 3 4 5 6 7 8 |  8.5
Earth Magic    | 4 5 6 |  6.7
Conjurations   | 1 2 3 4 6 7 |  7.6
Spellcasting   | 3 4 5 |  5.5
Dodging        | 3 |  3.0
Transmutations | |  1.0

Action                   |  1- 3 |  4- 6 |  7- 9 || total
-------------------------+-------+-------+-------++-------
Melee: Unarmed           |     8 |       |       ||     8
       Constrict         |     4 |       |     7 ||    11
       Tentacles         |     1 |       |     6 ||     7
       Dagger            |     3 |       |    43 ||    46
       Kick              |       |       |     7 ||     7
 Cast: Sandblast         |    51 |    63 |    65 ||   179
       Stone Arrow       |       |       |    90 ||    90
  Use: Scroll            |       |       |    14 ||    14
       Potion            |       |       |     2 ||     2
 Stab: Sleeping          |       |       |     2 ||     2
  Eat: Chunk             |     3 |     7 |    20 ||    30
Armor: Skin              |       |       |     3 ||     3
Dodge: Dodged            |    27 |    32 |    54 ||   113

Table legend:
 A = Non-vault XP
 B = Vault XP
 C = Vault XP percentage of total XP
 D = Non-vault monster count
 E = Vault monster count
 F = Vault count percentage of total count
                 A         B        C        D         E       F
            +---------+---------+-------+---------+---------+-------
      Total |    3359 |     440 |  11.6 |     137 |       3 |   2.1
            +---------+---------+-------+---------+---------+-------
        D:1 |      36 |       0 |   0.0 |      20 |       0 |   0.0
        D:2 |      54 |       0 |   0.0 |      16 |       0 |   0.0
        D:3 |      78 |       0 |   0.0 |      14 |       0 |   0.0
        D:4 |     682 |       0 |   0.0 |      22 |       0 |   0.0
        D:5 |     864 |       0 |   0.0 |      21 |       0 |   0.0
        D:6 |    1036 |     229 |  18.1 |      28 |       2 |   6.7
        D:7 |     609 |     211 |  25.7 |      16 |       1 |   5.9
            +---------+---------+-------+---------+---------+-------
